 Dungeon Crawl Stone Soup version 0.19.5 (webtiles) character file.

487 LORDOFBUTT the Cleaver (level 6, -9/45 HPs)
             Began as a Minotaur Berserker on Mar 24, 2017.
             Was a Priest of Trog.
             Mangled by an ogre
             ... wielding a +0 giant spiked club
              (22 damage)
             ... on level 5 of the Dungeon.
             The game lasted 00:04:06 (3395 turns).

LORDOFBUTT the Cleaver (Minotaur Berserker)         Turns: 3395, Time: 00:04:07

Health: -9/45      AC:  3    Str: 22    XL:     6   Next: 89%
Magic:  5/5        EV: 13    Int:  6    God:    Trog [***...]
Gold:   235        SH:  0    Dex: 11    Spells: 0 memorised, 5 levels left

rFire  . . .     SeeInvis .     a - +0 hand axe
rCold  . . .     Gourm    .     b - +0 animal skin
rNeg   . . .     Faith    .     (no shield)
rPois  .         Spirit   .     (helmet restricted)
rElec  .         Reflect  .     (no cloak)
rCorr  .         Harm     .     j - +0 pair of gloves
MR     .....                    (no boots)
Stlth  +.........               (no amulet)
                                (no ring)
                                (no ring)

@: exhausted, slowed, very slow
A: retaliatory headbutt, horns 2, clever 1, frail 1
a: Berserk, Trog's Hand, Burn Spellbooks, Renounce Religion


You were on level 5 of the Dungeon.
You worshipped Trog.
Trog was most pleased with you.
You were very hungry.

You visited 1 branch of the dungeon, and saw 5 of its levels.

You collected 235 gold pieces.

Inventory:

Hand Weapons
 a - a +0 hand axe (weapon)
Armour
 b - a +0 animal skin (worn)
 j - a +0 pair of gloves (worn)
Scrolls
 e - 2 scrolls of teleportation {unknown}
 f - 8 scrolls of identify {unknown}
 i - a scroll of fog {unknown}
 m - 2 scrolls of magic mapping {unknown}
 p - a scroll of remove curse {unknown}
 q - a scroll of amnesia {unknown}
Potions
 d - 2 potions of agility
 g - 2 potions of cancellation {unknown}
 h - a potion of might {unknown}
 k - a potion of flight {unknown}
 n - a potion of degeneration {unknown}
 r - 2 potions of curing {unknown}
 s - a potion of haste {unknown}
 t - a potion of heal wounds {unknown}
 u - a potion of lignification {unknown}
Comestibles
 c - 3 bread rations
 l - a slice of pizza
 o - 6 fruits
 v - a meat ration


   Skills:
 - Level 3.6 Fighting
 * Level 8.9 Axes
 - Level 2.4 Armour
 + Level 3.6 Dodging


You had 5 spell levels left.
You didn't know any spells.

Dungeon Overview and Level Annotations

Branches:
Dungeon (5/15)
 Temple: D:4-7

Altars:
Dithmenos
Gozag
Nemelex Xobeh
Qazlal
Xom


Innate Abilities, Weirdness & Mutations

You reflexively headbutt those who attack you in melee.
You have a pair of horns on your head.
Your mind is acute. (Int +2)
You are frail. (-10% HP)


Message History

You barely miss the ogre.
The ogre is moderately wounded.
The ogre hits you with a giant spiked club.
You hit the ogre.
The ogre is heavily wounded.
The ogre hits you with a giant spiked club!
* * * LOW HITPOINT WARNING * * *
You are too injured to fight recklessly!
You are too injured to fight recklessly!
You hit the ogre.
The ogre is severely wounded.
The ogre hits you but does no damage.
You barely miss the ogre.
The ogre is severely wounded.
The ogre closely misses you.
You hit the ogre.
You headbutt the ogre, but do no damage.
The ogre is severely wounded.
The ogre hits you with a giant spiked club!!
You die...

.......≈≈P≈≈P≈.♣P#.###.#
###.####≈♣♣ ♣......##.#
##...####.###....#.#(#
#................#..#
......#.########.#.##
#.....#.# #..)#####
##....#.# #........#
###..#.# #$######(#
#..#.# #@# #..#.# #O#
#..#.# #.# #..#.# #.#
##.# #.# .# #.# ..# #..


You could see an ogre.

Vanquished Creatures
  A sky beast (D:5)
  A scorpion (D:5)
  A howler monkey (D:4)
  A hound (D:4)
  4 worker ants (D:4)
  4 adders
  2 oozes (D:4)
  An adder skeleton (D:4)
  2 worms (D:3)
  7 dart slugs
  3 leopard geckos (D:1)
  16 orcs
  3 giant cockroaches
  10 goblins
  12 hobgoblins
  6 jackals
  2 quokkas (D:4)
  A ball python (D:2)
  7 bats
  4 frilled lizards
  9 kobolds
  4 rats
101 creatures vanquished.

Notes
Turn   | Place    | Note
-------+----------+-------------------------------------------
     0 | D:1      | LORDOFBUTT the Minotaur Berserker began the quest for the Orb.
     0 | D:1      | Reached XP level 1. HP: 19/19 MP: 0/0
    27 | D:1      | Reached skill level 4 in Axes
    76 | D:1      | Reached XP level 2. HP: 26/26 MP: 1/1
   179 | D:1      | Reached skill level 5 in Axes
   250 | D:1      | Reached XP level 3. HP: 5/31 MP: 2/2
   695 | D:2      | Reached ** piety under Trog
   928 | D:2      | Found a sparkling altar of Nemelex Xobeh.
   953 | D:2      | Reached XP level 4. HP: 38/39 MP: 3/3
   965 | D:2      | Reached skill level 6 in Axes
  1283 | D:3      | Found a shimmering altar of Xom.
  1454 | D:3      | Found a shadowy altar of Dithmenos.
  1609 | D:4      | Reached skill level 7 in Axes
  1609 | D:4      | Reached XP level 5. HP: 14/45 MP: 4/4
  1614 | D:4      | HP: 1/67 [worker ant (7)]
  2561 | D:4      | Noticed a fire elemental
  2563 | D:4      | Found a stormy altar of Qazlal.
  2564 | D:4      | Noticed an air elemental
  2564 | D:4      | Noticed a water elemental
  2599 | D:4      | Reached *** piety under Trog
  2599 | D:4      | Reached skill level 8 in Axes
  2599 | D:4      | Reached XP level 6. HP: 51/51 MP: 5/5
  2618 | D:4      | Found an opulent altar of Gozag.
  3199 | D:5      | Entered Level 5 of the Dungeon
  3339 | D:5      | Noticed a sky beast
  3353 | D:5      | Killed a sky beast
  3378 | D:5      | Gained mutation: Your mind is acute. (Int +2) [mutagenic meat]
  3379 | D:5      | Gained mutation: You occasionally shout uncontrollably at your foes. [mutagenic meat]
  3380 | D:5      | Lost mutation: You occasionally shout uncontrollably at your foes. [mutagenic meat]
  3381 | D:5      | Gained mutation: You are frail. (-10% HP) [mutagenic meat]
  3395 | D:5      | Mangled by an ogre

Skill      XL: |  1  2  3  4  5  6 |
---------------+-------------------+-----
Axes           | 4 5 7 8 |  8.9
Dodging        | 3 |  3.6
Fighting       | |  3.6
Armour         | |  2.4

Action                   |  1- 3 |  4- 6 || total
-------------------------+-------+-------++-------
Melee: Hand axe          |    72 |   173 ||   245
       Headbutt          |    12 |    29 ||    41
Invok: Berserk           |       |     3 ||     3
  Use: Potion            |       |     1 ||     1
  Eat: Chunk             |       |    13 ||    13
Armor: Animal skin       |    19 |    19 ||    38
Dodge: Dodged            |    53 |    98 ||   151
